 Dungeon Crawl Stone Soup version 0.20.0-8-g6b59dc7 (webtiles) character file.

82 maniacrov the Slasher (level 4, -2/37 HPs)
             Began as a Minotaur Gladiator on June 2, 2017.
             Slain by Hasart's ghost (8 damage)
             ... on level 3 of the Dungeon.
             The game lasted 00:10:52 (1736 turns).

maniacrov the Slasher (Minotaur Gladiator)          Turns: 1736, Time: 00:10:53

Health: -2/37      AC:  4    Str: 19    XL:     4   Next: 21%
Magic:  3/3        EV: 13    Int: 10    God:
Gold:   28         SH:  0    Dex: 12    Spells: 3/3 levels left

rFire    . . .     SeeInvis .   a - +0 long sword
rCold    . . .     Gourm    .   (no shield)
rNeg     . . .     Faith    .   b - +1 leather armour
rPois    .         Spirit   .   c - +0 hat
rElec    .         Reflect  .   j - scarf {cloud immunity}
rCorr    .         Harm     .   (no gloves)
MR       .....                  (no boots)
Stlth    +.........             (no amulet)
Regen    0.2/turn               m - +5 ring of intelligence
MPRegen  0.1/turn               (no ring)

@: fainting
A: retaliatory headbutt, horns 2
a: no special abilities


You were on level 3 of the Dungeon.
You were fainting.

You visited 1 branch of the dungeon, and saw 3 of its levels.

You collected 28 gold pieces.

Inventory:

Hand Weapons
 a - a +0 long sword (weapon)
Missiles
 d - 3 throwing nets (quivered)
Armour
 b - a +1 leather armour (worn)
 c - a +0 hat (worn)
 j - a scarf of cloud immunity (worn)
Jewellery
 e - an uncursed ring of fire {unknown}
 m - a +5 ring of intelligence (left hand)
Scrolls
 g - 3 scrolls of amnesia
 k - a scroll of remove curse
 l - a scroll of enchant weapon {unknown}
 n - 2 scrolls of teleportation
 o - a scroll of magic mapping {unknown}
 p - a scroll of identify
 q - a scroll of random uselessness {unknown}
Potions
 i - a potion of curing
Comestibles
 f - 2 bread rations
 h - 2 meat rations


   Skills:
 + Level 2.8 Fighting
 + Level 4.8 Long Blades
 + Level 2.2 Throwing
 + Level 0.8 Armour
 + Level 4.2 Dodging


You had 3 spell levels left.
You didn't know any spells.

Dungeon Overview and Level Annotations

Branches:
Dungeon (3/15)

Altars:
Elyvilon
Gozag

Shops:
D:3 *

Annotations:
D:3 Hasart's ghost, amateur VSFi


Innate Abilities, Weirdness & Mutations

You reflexively headbutt those who attack you in melee.
You have a pair of horns on your head.


Message History

Hasart's ghost hits you.
You barely miss Hasart's ghost.
Hasart's ghost is severely damaged.
Hasart's ghost misses you.
You barely miss Hasart's ghost.
Hasart's ghost is severely damaged.
Hasart's ghost hits you but does no damage.
You hit Hasart's ghost. Your headbutt misses Hasart's ghost.
Hasart's ghost is almost destroyed.
Hasart's ghost barely misses you. You furiously retaliate!
You headbutt Hasart's ghost, but do no damage.
You riposte.
You hit Hasart's ghost but do no damage.
Hasart's ghost is almost destroyed.
Hasart's ghost hits you!
* * * LOW HITPOINT WARNING * * *
You hit Hasart's ghost but do no damage.
Hasart's ghost is almost destroyed.
Hasart's ghost hits you!
You die...

#..... . .##
####...# .# # ...
......##.#.# #.#
#..........
#.#####)......#.#
#...............#
#..#.##..†....#
#W.#.##.......#
##@......##.####
#........##.#
####........####
#.......##.##
#.≈≈.≈≈.##.#
#.≈...≈....#
#.≈._.≈.####
#≈≈...≈≈###
#≈.....≈!.#


You could see Hasart's ghost.

Vanquished Creatures
  An adder (D:2)
  5 worms
  A dart slug (D:2)
  2 leopard geckos (D:1)
  2 ball pythons
  2 giant cockroaches
  3 goblins
  8 hobgoblins
  5 jackals
  3 quokkas
  4 bats
  11 frilled lizards (D:1)
  2 kobolds (D:1)
  6 rats
  A plant (D:1)
56 creatures vanquished.

Vanquished Creatures (others)
  A rat (D:2)
1 creature vanquished.

Grand Total: 57 creatures vanquished

Notes
Turn   | Place    | Note
-------+----------+-------------------------------------------
     0 | D:1      | maniacrov the Minotaur Gladiator began the quest for the Orb.
     0 | D:1      | Reached XP level 1. HP: 18/18 MP: 0/0
   228 | D:1      | Reached XP level 2. HP: 17/25 MP: 1/1
   746 | D:1      | Reached XP level 3. HP: 29/30 MP: 2/2
  1218 | D:2      | Found a white marble altar of Elyvilon.
  1239 | D:2      | Reached XP level 4. HP: 25/37 MP: 3/3
  1680 | D:3      | Found an opulent altar of Gozag.
  1689 | D:3      | Found Gozag's Platinum Reserve.
  1709 | D:3      | Paralysed by fainting for 5 turns
  1722 | D:3      | Noticed Hasart's ghost (amateur VSFi)
  1736 | D:3      | Slain by Hasart's ghost

Skill      XL: |  1  2 |
---------------+-------+-----
Long Blades    | 4 |  4.8
Dodging        | 4 |  4.2
Fighting       | |  2.8
Throwing       | |  2.2
Armour         | |  0.8

Action                   |  1- 3 |  4- 6 || total
-------------------------+-------+-------++-------
Melee: Long sword        |    80 |    31 ||   111
       Headbutt          |    15 |    10 ||    25
  Use: Scroll            |     5 |     2 ||     7
       Potion            |     1 |       ||     1
Armor: Leather armour    |    15 |     9 ||    24
Dodge: Dodged            |    64 |    26 ||    90
       Rpst.: Long sword |    19 |     7 ||    26
